 Dungeon Crawl Stone Soup version 0.31.0-1-g2c135a0 (webtiles) character file.

Game seed: 1900705187070759726

201121 jagoly the Severer (level 17, -1/111 HPs)
             Began as a Gargoyle Monk on Feb 1, 2024.
             Was a Priest of Sif Muna.
             Slain by a ghoul (16 damage)
             ... on level 4 of the Swamp.
             The game lasted 02:59:49 (13141 turns).

jagoly the Severer (Gargoyle Monk)                 Turns: 13141, Time: 02:59:50

Health: -1/111     AC: 43    Str: 15    XL:     17   Next: 94%
Magic:  17/26      EV: 17    Int: 19    God:    Sif Muna [***...]
Gold:   1874       SH: 13    Dex: 19    Spells: 13/16 levels left

rFire   + . .        a - +9 broad axe of the Exiled Seers {flame, ^Fragile Will+ rCorr Dex+4}
rCold   + . .        d - +0 kite shield {rN+}
rNeg    + + +        K - +18 Cigotuvi's embrace {Corpsefed rMiasma ^Drain rN+}
rPois   ∞            n - +0 helmet
rElec   +            b - scarf {rC+ rF+}
rCorr   +            e - +1 pair of gloves
SInv    .            m - +2 pair of boots of Space {^Drain rPois Dex+3}
Will    +++..        k - amulet of regeneration
Stlth   +++          F - +5 ring of evasion
HPRegen 1.18/turn    j - ring of willpower
MPRegen 0.20/turn

%: no passive effects
@: grasped by roots, flying, very slightly contaminated, constricted, studying 2
skills
A: sickness immunity, AC +12, big wings, negative energy resistance 1,
electricity resistance, torment resistance 1, petrification resistance
}: 1/15 runes: serpentine
a: Renounce Religion, Channel Magic, Forget Spell


You were on level 4 of the Swamp.
You worshipped Sif Muna.
Sif Muna was most pleased with you.
You visited 5 branches of the dungeon, and saw 25 of its levels.
You also visited: Ossuary, Bailey, Gauntlet and Ice Cave.

You collected 1874 gold pieces.

Inventory:

Hand Weapons
 a - the +9 broad axe of the Exiled Seers (weapon) {flame, ^Fragile Will+ rCorr Dex+4}
   (You acquired it in a bailey)

   Dex+4:     It affects your dexterity (+4).
   Will+:     It increases your willpower.
   rCorr:     It protects you from acid and corrosion.
   ^Fragile:  It will be destroyed if unequipped.
Missiles
 l - 6 curare-tipped darts
 Z - 16 javelins
Armour
 b - a scarf of resistance (worn)
 d - a +0 kite shield of positive energy (worn)
 e - a +1 pair of gloves (worn)
 m - the +2 pair of boots of Space (worn) {^Drain rPois Dex+3}
   (You found it on level 2 of the Dungeon)

   Dex+3:     It affects your dexterity (+3).
   rPois:     It protects you from poison ^Drain: It drains your maximum health
   when unequipped.
 n - a +0 helmet (worn)
 K - the +18 Cigotuvi's embrace (worn) {Corpsefed rMiasma ^Drain rN+}
   (You found it in a bailey)

   Corpsefed: It gathers nearby corpses to temporarily increase the armour it
   provides.
   rMiasma:   It protects you from foul pestilence.
   rN+:       It protects you from negative energy.
   ^Drain:    It drains your maximum health when unequipped.
Jewellery
 j - a ring of willpower (right hand)
 k - an amulet of regeneration (around neck)
 F - a +5 ring of evasion (left hand)
 J - a +6 ring of intelligence
Wands
 H - a wand of light (9)
 M - a wand of flame (4)
 Q - a wand of charming (7)
 R - a wand of mindburst (18)
 W - a wand of digging (6)
Scrolls
 f - 10 scrolls of teleportation
 h - 5 scrolls of revelation
 i - a scroll of amnesia
 t - 3 scrolls of vulnerability
 u - a scroll of torment {unknown}
 C - a scroll of immolation {unknown}
 G - 2 scrolls of silence
 L - 2 scrolls of fog
 P - 2 scrolls of fear {unknown}
 U - a scroll of enchant armour {unknown}
Potions
 c - 2 potions of ambrosia
 o - a potion of degeneration {unknown}
 r - 6 potions of curing
 s - 2 potions of haste {unknown}
 z - 4 potions of might
 B - 7 potions of mutation
 D - 6 potions of enlightenment
 I - 5 potions of brilliance
 N - a potion of invisibility {unknown}
 O - 2 potions of berserk rage {unknown}
 S - a potion of heal wounds
 T - a potion of resistance {unknown}
 V - a potion of lignification {unknown}
Miscellaneous
 g - a lightning rod (inert)
 w - a tin of tremorstones (inert)


   Skills:
 - Level 14.0 Fighting
 - Level 18.0 Axes
 - Level 2.0 Throwing
 - Level 12.0 Armour
 - Level 8.0 Dodging
 - Level 4.0 Stealth
 - Level 12.0 Shields
 - Level 3.4 Conjurations
 + Level 2.4 Translocations
 - Level 2.0 Fire Magic
 - Level 8.5 Alchemy
 - Level 12.0 Invocations
 - Level 2.0 Evocations


You had 13 spell levels left.
You knew the following spells:

 Your Spells              Type           Power      Damage    Failure   Level
A - Foxfire               Conj/Fire      40%        2x1d6     17%         1
B - Blink                 Tloc           18%        N/A       28%         2

Your spell library contained the following spells:

 Spells                   Type           Power      Damage    Failure   Level
 Sting                    Conj/Alch      88%        1d8       4%          1
 Magic Dart               Conj           52%        1d5       12%         1
 Mercury Vapours          Alch/Air       32%        N/A       13%         2
 Olgreb's Toxic Radiance  Alch           32%        N/A       16%         4
 Searing Ray              Conj           26%        2d5       19%         2
 Momentum Strike          Conj/Tloc      22%        3d8       22%         2
 Shock                    Conj/Air       24%        1d4       26%         1
 Lesser Beckoning         Tloc           18%        N/A       28%         2
 Mephitic Cloud           Conj/Alch/Air  15%        N/A       28%         3
 Static Discharge         Conj/Air       12%        3-4/arc   36%         2
 Fulminant Prism          Conj/Alch      11%        3d9       38%         4
 Alistair's Intoxication  Alch           21%        N/A       38%         5
 Freeze                   Ice            0%         1d3       45%         1
 Sandblast                Erth           0%         2d4       45%         1
 Slow                     Hex            0%         N/A       45%         1
 Summon Small Mammal      Summ           0%         N/A       45%         1
 Gell's Gravitas          Tloc           9%         N/A       50%         3
 Teleport Other           Tloc           9%         N/A       50%         3
 Volatile Blastmotes      Fire/Tloc      16%        2d11      52%         3
 Ensorcelled Hibernation  Hex/Ice        0%         N/A       58%         2
 Dazzling Flash           Conj/Hex       12%        N/A       58%         3
 Hailstorm                Conj/Ice       6%         3d5       58%         3
 Stone Arrow              Conj/Erth      12%        3d7       58%         3
 Irradiate                Conj/Alch      11%        3d15      75%         5
 Call Canine Familiar     Summ           0%         N/A       83%         3
 Confusing Touch          Hex            0%         N/A       83%         3
 Fugue of the Fallen      Necr           0%         N/A       83%         3
 Ozocubu's Armour         Ice            0%         N/A       83%         3
 Passwall                 Erth           0%         N/A       83%         3
 Summon Ice Beast         Ice/Summ       0%         N/A       83%         3
 Tukima's Dance           Hex            0%         N/A       83%         3
 Iskenderun's Mystic Bla  Conj/Tloc      11%        2d4       83%         4
 Manifold Assault         Tloc           9%         N/A       88%         4
 Eringya's Noxious Bog    Alch           16%        4d6       93%         6
 Brom's Barrelling Bould  Conj/Erth      6%         2d3       94%         4
 Dimensional Bullseye     Hex/Tloc       2%         N/A       97%         4
 Summon Blazeheart Golem  Fire/Summ      3%         N/A       97%         4
 Vhi's Electric Charge    Tloc/Air       8%         N/A       97%         4
 Iskenderun's Battlesphe  Conj           13%        2d7       98%         5
 Martyr's Knell           Necr/Summ      0%         N/A       99%         4
 Summon Lightning Spire   Summ/Air       0%         N/A       99%         4
 Fireball                 Conj/Fire      5%         3d5       99%         5
 Arcjolt                  Conj/Air       3%         1d13      100%        5
 Borgnjor's Vile Clutch   Necr/Erth      0%         N/A       100%        5
 Curse of Agony           Necr           0%         N/A       100%        5
 Freezing Cloud           Conj/Ice/Air   2%         6-21      100%        5
 Metabolic Englaciation   Hex/Ice        0%         N/A       100%        5
 Silence                  Hex/Air        0%         N/A       100%        5
 Summon Mana Viper        Hex/Summ       0%         N/A       100%        5
 Bombard                  Conj/Erth      3%         9d1       100%        6
 Conjure Ball Lightning   Conj/Air       3%         3x3d6     100%        6
 Plasma Beam              Fire/Air       1%         2x1d11    100%        6
 Sculpt Simulacrum        Ice/Alch       8%         N/A       100%        6
 Starburst                Conj/Fire      5%         6d4       100%        6
 Haunt                    Necr/Summ      0%         N/A       100%        7
 Malign Gateway           Summ/Tloc      2%         N/A       100%        7
 Monstrous Menagerie      Summ           0%         N/A       100%        7
 Orb of Destruction       Conj           6%         9d6       100%        7
 Ozocubu's Refrigeration  Ice            0%         4d7       100%        7
 Spellforged Servitor     Conj/Summ      3%         N/A       100%        7
 Summon Hydra             Summ           0%         N/A       100%        7
 Maxwell's Capacitive Co  Air            0%         ∞         100%        8


Dungeon Overview and Level Annotations

Branches:
Dungeon (11/15) Zot: 25725  Temple (1/1) D:7 Zot: 5953    Lair (5/5) D:8 Zot: 24972
  Swamp (4/4) Lair:2 Zot: 22848   Snake (4/4) Lair:3 Zot: 21703   Slime (0/5) Lair:4
    Orc (0/2) D:10        Ossuary (visited)          Bailey (visited)
  IceCv (visited)         Gauntlet (visited)

Altars:
Ashenzari
Cheibriados
Fedhas
Gozag
Hepliaklqana
Makhleb
Nemelex Xobeh
Okawaru
Qazlal
Ru
Sif Muna
Trog
Uskayaw
Vehumet
Wu Jian
Xom
Yredelemnul
Zin
The Shining One
Jiyva

Shops:
D:2 :=   Snake:2 (   Snake:3 =

Annotations:
D:5 2 transporters, collaery's ghost, amateur HuFi
Swamp:4 exclusion: 2 oklob plants


Innate Abilities, Weirdness & Mutations

You are immune to sickness and miasma.
Your stone body is resilient. (AC +12)
You are immune to poison.
Your large and strong wings let you fly.
You resist negative energy. (rN+)
You are resistant to electric shocks. (rElec)
You are resistant to unholy torment.
You are immune to petrification.


Message History

The three-headed hydra zombie bites you but does no damage. x2
The three-headed hydra zombie misses you.
You slice one of the three-headed hydra zombie's heads off!
You slash the two-headed hydra zombie! You burn the two-headed hydra zombie.
The two-headed hydra zombie is severely damaged.
You slash the ghoul! You burn the ghoul. You block the ghoul's attack.
The ghoul claws you but does no damage.
You chop one of the two-headed hydra zombie's heads off!
You slice the one-headed hydra zombie!! You burn the one-headed hydra zombie.
The one-headed hydra zombie is almost destroyed.
You hack one of the 27-headed hydra skeleton's heads off!
You slash the 26-headed hydra skeleton! You burn the 26-headed hydra skeleton.
You slice the ghoul!! You burn the ghoul!
The one-headed hydra zombie bites you but does no damage.
The grasping roots constrict you.
The 26-headed hydra skeleton closely misses you.
The 26-headed hydra skeleton bites you but does no damage. x2
The 26-headed hydra skeleton barely misses you. x2
The 26-headed hydra skeleton bites you!
The 26-headed hydra skeleton bites you but does no damage.
The 26-headed hydra skeleton completely misses you.
The 26-headed hydra skeleton bites you but does no damage.
You block the 26-headed hydra skeleton's attack.
The 26-headed hydra skeleton bites you but does no damage.
You block the 26-headed hydra skeleton's attack.
The 26-headed hydra skeleton bites you but does no damage. x2
The 26-headed hydra skeleton completely misses you.
The 26-headed hydra skeleton bites you.
The 26-headed hydra skeleton bites you but does no damage.
The 26-headed hydra skeleton completely misses you.
You block the 26-headed hydra skeleton's attack.
The 26-headed hydra skeleton bites you but does no damage.
The 26-headed hydra skeleton barely misses you.
The 26-headed hydra skeleton bites you but does no damage.
The 26-headed hydra skeleton completely misses you.
The 26-headed hydra skeleton barely misses you.
The 26-headed hydra skeleton bites you but does no damage. x2
You chop one of the 26-headed hydra skeleton's heads off!
You slice the 25-headed hydra skeleton!!
You burn the 25-headed hydra skeleton.
The 25-headed hydra skeleton is moderately damaged.
You hit the ghoul. You burn the ghoul.
You slice the one-headed hydra zombie's last head off!
You destroy the one-headed hydra zombie!
Sif Muna accepts your kill. The ghoul misses you. The ghoul closely misses you.
The grasping roots constrict you.
You chop one of the 25-headed hydra skeleton's heads off!
You slice the 24-headed hydra skeleton!!
You burn the 24-headed hydra skeleton.
The 24-headed hydra skeleton is heavily damaged.
You hit the ghoul. You burn the ghoul. The ghoul claws you but does no damage.
The ghoul misses you.
You block the 24-headed hydra skeleton's attack.
The 24-headed hydra skeleton bites you but does no damage.
The 24-headed hydra skeleton bites you.
The 24-headed hydra skeleton closely misses you.
The 24-headed hydra skeleton bites you.
The 24-headed hydra skeleton bites you but does no damage.
You block the 24-headed hydra skeleton's attack.
The 24-headed hydra skeleton bites you but does no damage.
You block the 24-headed hydra skeleton's attack.
The 24-headed hydra skeleton bites you.
The 24-headed hydra skeleton closely misses you.
The 24-headed hydra skeleton bites you but does no damage.
The 24-headed hydra skeleton barely misses you.
The 24-headed hydra skeleton bites you but does no damage. x2
The 24-headed hydra skeleton completely misses you.
The 24-headed hydra skeleton closely misses you.
The 24-headed hydra skeleton bites you but does no damage. x6
The 24-headed hydra skeleton bites you.
You chop one of the 24-headed hydra skeleton's heads off!
You slice the 23-headed hydra skeleton!!
You burn the 23-headed hydra skeleton.
The 23-headed hydra skeleton is heavily damaged.
You slash the ghoul! You burn the ghoul. The grasping roots constrict you.
The ghoul claws you!
* * * LOW HITPOINT WARNING * * *
The ghoul claws you but does no damage.
The 23-headed hydra skeleton misses you.
The 23-headed hydra skeleton barely misses you.
The 23-headed hydra skeleton bites you.
* * * LOW HITPOINT WARNING * * *
The 23-headed hydra skeleton closely misses you.
The 23-headed hydra skeleton bites you but does no damage.
The 23-headed hydra skeleton barely misses you.
You block the 23-headed hydra skeleton's attack.
The 23-headed hydra skeleton bites you but does no damage.
You block the 23-headed hydra skeleton's attack.
The 23-headed hydra skeleton bites you but does no damage. x2
You block the 23-headed hydra skeleton's attack.
The 23-headed hydra skeleton bites you but does no damage. x2
The 23-headed hydra skeleton misses you.
The 23-headed hydra skeleton closely misses you.
The 23-headed hydra skeleton bites you but does no damage. x3
The 23-headed hydra skeleton bites you!
* * * LOW HITPOINT WARNING * * *
The 23-headed hydra skeleton bites you but does no damage.
The 23-headed hydra skeleton bites you.
* * * LOW HITPOINT WARNING * * *
The 23-headed hydra skeleton bites you but does no damage.
Press: ? - help, v - describe, . - travel
Here: a 23-headed hydra skeleton (heavily damaged)
The floor.
Unknown command.
Unknown command.
Unknown command.
Press: ? - help, v - describe, . - travel
Here: a shambling mangrove Some shallow water.
Unknown command.
Press: ? - help, v - describe, . - travel
Here: a 23-headed hydra skeleton (heavily damaged)
The floor.
Unknown command.
You fail to use your ability.
A chunk of your corpse armour falls away.
You block the ghoul's attack. The ghoul closely misses you.
You block the shambling mangrove's attack.
The grasping roots constrict you.
You escape the roots grasp.
You blink. 2 shambling mangroves come into view.
You feel a little less mighty now.
Aiming: Fastroot
Press: ? - help, Shift-Dir - straight line, f/p - 23-headed hydra skeleton
Aim: a 23-headed hydra skeleton (heavily damaged)
Okay, then.
As you read the scroll of teleportation, it crumbles to dust.
You feel strangely unstable.
Throw: 15 javelins
Press: ? - help, Shift-Dir - straight line, f/p - 23-headed hydra skeleton
Aim: a 23-headed hydra skeleton (heavily damaged, 98% to hit)
You throw a javelin.
The javelin pierces through the 23-headed hydra skeleton.
The 23-headed hydra skeleton is heavily damaged.
You feel ready to blink again.
Throw: 14 javelins
Press: ? - help, Shift-Dir - straight line, p - 23-headed hydra skeleton You throw a javelin.
The javelin pierces through the 23-headed hydra skeleton but does no damage.
The 23-headed hydra skeleton is heavily damaged.
The javelin pierces through the shambling mangrove but does no damage.
Your surroundings suddenly seem different.
A flayed ghost comes into view.
Found four items.
The flayed ghost closely misses you.
You slice the flayed ghost!! You burn the flayed ghost!
The flayed ghost is moderately damaged.
An eight-headed hydra skeleton comes into view.
The flayed ghost misses you.
You slice the flayed ghost!! You burn the flayed ghost.
The flayed ghost is almost destroyed.
You slash the flayed ghost! You burn the flayed ghost.
You destroy the flayed ghost!
Sif Muna accepts your kill.
A chunk of your corpse armour falls away.
Okay, then.
You lop one of the eight-headed hydra skeleton's heads off!
You slash the seven-headed hydra skeleton!
You burn the seven-headed hydra skeleton.
The seven-headed hydra skeleton is moderately damaged.
The seven-headed hydra skeleton completely misses you.
You block the seven-headed hydra skeleton's attack.
The seven-headed hydra skeleton bites you but does no damage.
You block the seven-headed hydra skeleton's attack. x2
The seven-headed hydra skeleton bites you but does no damage.
The seven-headed hydra skeleton completely misses you.
You slice one of the seven-headed hydra skeleton's heads off!
You slice the six-headed hydra skeleton!!
You burn the six-headed hydra skeleton.
The six-headed hydra skeleton is heavily damaged.
The six-headed hydra skeleton bites you but does no damage.
You block the six-headed hydra skeleton's attack.
The six-headed hydra skeleton closely misses you.
The six-headed hydra skeleton bites you but does no damage. x3
You chop one of the six-headed hydra skeleton's heads off!
You slice the five-headed hydra skeleton!!
You burn the five-headed hydra skeleton.
The five-headed hydra skeleton is almost destroyed.
You lop one of the five-headed hydra skeleton's heads off!
You slash the four-headed hydra skeleton!
You burn the four-headed hydra skeleton.
You destroy the four-headed hydra skeleton!
Sif Muna accepts your kill.
p - a scroll of identify A chunk of your corpse armour falls away.
As you read the scroll of identify, it crumbles to dust.
L - 2 scrolls of fog
f - 10 scrolls of teleportation (gained 1)
You hear a crashing sound.
You hear a crashing sound.
A chunk of your corpse armour falls away.
You now have 1806 gold pieces (gained 16).
You now have 1832 gold pieces (gained 26).
A chunk of your corpse armour falls away.
You now have 1851 gold pieces (gained 19).
A chunk of your corpse armour falls away.
You see here a javelin.
Z - 14 javelins (gained 1)
Aiming: Throw Flame
Press: ? - help, Shift-Dir - straight line, f - 23-headed hydra skeleton
Aim: a 23-headed hydra skeleton (heavily damaged, 100% to hit)
The 23-headed hydra skeleton is engulfed in a cloud of scalding steam.
A chunk of your corpse armour falls away.
The 23-headed hydra skeleton is engulfed in a cloud of scalding steam.
You lop one of the 23-headed hydra skeleton's heads off!
You slice the 22-headed hydra skeleton!!
You burn the 22-headed hydra skeleton.
You destroy the 22-headed hydra skeleton!
Sif Muna accepts your kill.
Your Translocations skill increases to level 1!
Z - 15 javelins (gained 1)
A shambling mangrove comes into view.
A chunk of your corpse armour falls away.
You see here a javelin.
Z - 16 javelins (gained 1)
You hit the shambling mangrove. You burn the shambling mangrove.
The shambling mangrove is lightly damaged.
You hit the shambling mangrove. You burn the shambling mangrove.
The shambling mangrove is lightly damaged.
The shambling mangrove hits you!
You hit the shambling mangrove. You burn the shambling mangrove.
The shambling mangrove is lightly damaged.
The shambling mangrove misses you.
You slash the shambling mangrove! You burn the shambling mangrove.
The shambling mangrove is moderately damaged.
You slice the shambling mangrove!! You burn the shambling mangrove.
The shambling mangrove is severely damaged.
Angry insects surge out from beneath the shambling mangrove's foliage!
The shambling mangrove closely misses you.
You slash the shambling mangrove! You burn the shambling mangrove.
The shambling mangrove is almost destroyed.
The shambling mangrove hits you!
You hit the shambling mangrove but do no damage.
The shambling mangrove is almost destroyed.
You miss the hornet. You hit the hornet. You burn the hornet.
You closely miss the hornet. You block the hornet's attack. x3
You hit the shambling mangrove but do no damage.
The shambling mangrove is almost destroyed.
You slash the hornet! You burn the hornet. You closely miss the hornet.
You hit the hornet. You burn the hornet.
A chunk of your corpse armour falls away.
The hornet stings you but does no damage.
The hornet stings you! You block the hornet's attack.
The shambling mangrove hits you!!
You hit the shambling mangrove but do no damage.
The shambling mangrove is almost destroyed.
You hit the hornet. You burn the hornet. You hit the hornet.
You burn the hornet. You slash the hornet! You burn the hornet.
The hornet misses you. The hornet stings you.
The hornet stings you but does no damage.
You hit the shambling mangrove. You burn the shambling mangrove.
The shambling mangrove is almost destroyed.
You miss the hornet. You closely miss the hornet. You miss the hornet.
The hornet completely misses you. You block the hornet's attack.
The hornet completely misses you. The shambling mangrove hits you!!
* * * LOW HITPOINT WARNING * * *
You block the hornet's attack. x2
The hornet stings you but does no damage.
Press: ? - help, v - describe, . - travel
Here: a shambling mangrove (almost destroyed) Some shallow water.
Unknown command.
You erupt in a fountain of uncontrolled magic!
The hornet is blasted with magical radiation!!!
You kill the hornet!
Sif Muna accepts your kill.
The hornet is blasted with magical radiation!!!
You kill the hornet!
Sif Muna accepts your kill.
The shambling mangrove is blasted with magical radiation!!
You destroy the shambling mangrove!
Sif Muna accepts your kill.
The hornet is blasted with magical radiation!!!
You kill the hornet!
Sif Muna accepts your kill.
You are very lightly contaminated with residual magic.
Found a hydra corpse.
Your shell of carrion and bone grows thicker.
Found a basalt altar of Yredelemnul.
Found a hydra corpse.
Your shell of carrion and bone grows thicker.
Found 23 gold pieces.
You now have 1874 gold pieces (gained 23).
A chunk of your corpse armour falls away.
Your magical contamination has completely faded away.
A chunk of your corpse armour falls away.
Found a blossoming altar of Fedhas. 2 oklob plants come into view.
Found a scroll of amnesia.
Marking area around 2 oklob plants as unsafe for travelling.
Unknown command.
Roots burst forth from the earth!
The grasping roots grab you! The grasping roots constrict you!
You escape the roots grasp.
A chunk of your corpse armour falls away.
Roots burst forth from the earth!
The grasping roots grab you! The grasping roots constrict you!
* * * LOW HITPOINT WARNING * * *
The roots grasp on you weakens, but your attempt to escape fails.
The grasping roots constrict you.
You block the shambling mangrove's attack.
You escape the roots grasp.
Roots burst forth from the earth!
The grasping roots grab you! The grasping roots constrict you.
Press: ? - help, v - describe, . - travel
Here: a shambling mangrove Some shallow water.
Unknown command.
Press: ? - help, v - describe, . - travel
Here: a shambling mangrove Some shallow water.
Unknown command.
Unknown command.
Okay, then.
Press: ? - help, v - describe, . - travel
Here: a shambling mangrove Some shallow water.
Unknown command.
The roots grasp on you weakens, but your attempt to escape fails.
You escape the roots grasp.
Roots burst forth from the earth!
The grasping roots grab you! The grasping roots constrict you.
Aiming: Bolt of Light
Press: ? - help, Shift-Dir - straight line, f - shambling mangrove
Aim: a shambling mangrove (98% to hit)
The bolt of light hits the shambling mangrove but does no damage.
The bolt of light hits the shambling mangrove.
The shambling mangrove is lightly damaged.
The bolt of light hits the shambling mangrove!
The shambling mangrove is lightly damaged.
The grasping roots constrict you!
* * * LOW HITPOINT WARNING * * *
Unknown command.
Unknown command.
Aiming: Thunderbolt
Press: ? - help, Shift-Dir - straight line, p - shambling mangrove
Okay, then.
Press: ? - help, v - describe, . - travel
Here: a shambling mangrove The floor.
Unknown command.
Aiming: Thunderbolt
Press: ? - help, Shift-Dir - straight line, f/p - shambling mangrove
Aim: a shambling mangrove (lightly damaged)
The thunderbolt hits the shambling mangrove!
The shambling mangrove is lightly damaged.
The thunderbolt hits the ghoul!
The ghoul is heavily damaged.
The thunderbolt hits the shambling mangrove.
The shambling mangrove is moderately damaged.
The grasping roots constrict you.
Aiming: Thunderbolt
Press: ? - help, Shift-Dir - straight line The thunderbolt hits the shambling mangrove!!
The shambling mangrove is moderately damaged.
The thunderbolt hits the ghoul!!
The ghoul is severely damaged.
Aiming: Thunderbolt
Press: ? - help, Shift-Dir - straight line The thunderbolt hits the shambling mangrove!!
The shambling mangrove is heavily damaged.
The thunderbolt hits the shambling mangrove!!!
The shambling mangrove is severely damaged.
The shambling mangrove hits you.
* * * LOW HITPOINT WARNING * * *
The grasping roots constrict you!
* * * LOW HITPOINT WARNING * * *
Angry insects surge out from beneath the shambling mangrove's foliage!
Aiming: Thunderbolt
Press: ? - help, Shift-Dir - straight line The thunderbolt hits the shambling mangrove!!!
The shambling mangrove is severely damaged.
The thunderbolt hits the hornet!!!
You kill the hornet!
Sif Muna accepts your kill.
The thunderbolt hits the shambling mangrove!!!
You destroy the shambling mangrove!
Sif Muna accepts your kill.
The lightning rod overheats!
Angry insects surge out from beneath the shambling mangrove's foliage!
The shambling mangrove hits you but does no damage.
You block the hornet's attack.
The shambling mangrove hits you but does no damage.
The grasping roots constrict you.
Casting: Starburst
Press: ? - help, Dir - look around, f - activate The bolt of fire hits the shambling mangrove!!
You destroy the shambling mangrove!
Sif Muna accepts your kill.
The bolt of fire misses the ghoul.
The bolt of fire misses the hornet.
You smell burning wood.
The bolt of fire hits the shambling mangrove!
The shambling mangrove is moderately damaged.
The bolt of fire hits the hornet!!
The hornet is severely wounded.
The mangrove smoulders and burns.
The bolt of fire misses the hornet.
Sif Muna will no longer gift you books.
The hornet is engulfed in a cloud of scalding steam.
The hornet stings you but does no damage.
The hornet is engulfed in a cloud of scalding steam.
You block the hornet's attack. The shambling mangrove hits you!!
* * * LOW HITPOINT WARNING * * *
The grasping roots constrict you!
* * * LOW HITPOINT WARNING * * *
The hornet is engulfed in a cloud of scalding steam.
You block the hornet's attack.
Your Translocations skill increases to level 2!
Unknown command.
Okay, then.
Unknown command.
Unknown command.
Press: ? - help, v - describe, . - travel Some shallow water.
There is a cloud of steam here.
Okay, then.
You escape the roots grasp.
You blink.
You can no longer call upon Sif Muna to cast any spell from your library.
The shambling mangrove is engulfed in a cloud of scalding steam.
Aiming: Fastroot
Press: ? - help, Shift-Dir - straight line, f - hornet
Aim: a hornet (almost dead)
The roots erupt in riotous growth!
Roots grab the hornet.
Roots grab the shambling mangrove.
Roots grab the ghoul.
Roots grab the hornet.
A chunk of your corpse armour falls away.
The grasping roots constrict the ghoul.
The grasping roots constrict the shambling mangrove, but do no damage.
The grasping roots constrict the hornet. x2
The hornet struggles to escape constriction.
The hornet is engulfed in a cloud of scalding steam.
The hornet struggles to escape constriction.
The hornet misses you.
The ghoul struggles to escape constriction.
The hornet escapes!
The tremorstone explodes into fragments!
The burst of rock shards engulfs the hornet!
You kill the hornet!
Sif Muna accepts your kill.
The burst of rock shards engulfs the hornet.
The burst of rock shards engulfs the hornet!!
Your shell of carrion and bone grows thicker.
You feel ready to blink again.
The grasping roots constrict the ghoul.
The grasping roots constrict the shambling mangrove, but do no damage.
The grasping roots constrict the hornet.
The roots release their grip on the ghoul.
The roots release their grip on the shambling mangrove.
You block the hornet's attack.
The hornet struggles to escape constriction.
The hornet stings you but does no damage.
The hornet struggles to escape constriction.
The tremorstone explodes into fragments!
The burst of rock shards engulfs the hornet!
The burst of rock shards engulfs the shambling mangrove but does no damage.
The burst of rock shards engulfs the ghoul!
The burst of rock shards engulfs the hornet!
You kill the hornet!
Sif Muna accepts your kill.
The tin is emptied!
Your shell of carrion and bone grows thicker.
The grasping roots constrict the hornet.
The roots release their grip on the hornet.
The shambling mangrove is engulfed in a cloud of scalding steam.
Roots burst forth from the earth!
The grasping roots grab you! The grasping roots constrict you.
Aiming: Fastroot
Press: ? - help, Shift-Dir - straight line, f - ghoul
Aim: a ghoul (severely damaged)
The roots erupt in riotous growth!
Roots grab the ghoul.
Roots grab the shambling mangrove.
Roots grab the hornet.
The now-empty wand crumbles to dust.
The grasping roots constrict the ghoul.
The grasping roots constrict the shambling mangrove, but do no damage.
The grasping roots constrict the hornet!
You kill the hornet!
Sif Muna accepts your kill.
The ghoul struggles to escape constriction.
The shambling mangrove struggles to escape constriction.
The grasping roots constrict you.
Okay, then.
Press: ? - help, v - describe, . - travel
Here: a shambling mangrove (moderately damaged, constricted by roots)
The floor.
You feel better.
The grasping roots constrict the ghoul.
The grasping roots constrict the shambling mangrove.
The roots release their grip on the ghoul.
The shambling mangrove struggles to escape constriction.
The grasping roots constrict you!
* * * LOW HITPOINT WARNING * * *
Cast which spell? (? or * to list)
You miscast Blink.
You are very lightly contaminated with residual magic.
Nothing appears to happen.
The grasping roots constrict the shambling mangrove.
The roots release their grip on the shambling mangrove.
The ghoul splashes around in the water.
The ghoul claws you!
You die...

.♣♣♣# #.##....♣.# ..... ~.#
~~~~## ##♣...### # ~.f.♣~. ~~~~~#
#...§# ♣.... ~~~..♣
####.####♣##♣§.♣ ~~~~♣♣
#.~~~.~~~♣~~♣ ~~..♣♣♣♣♣♣
#~...~.§..~~♣
~.~~~...~♣#♣♣~~..f.~~~~♣♣##♣♣~.~.
.~~~~.~~.♣~♣##♣.~n~..~####.♣.~..♣
~~......<.~~####@~~~~♣##♣...~~~~.
♣♣♣~...♣....~#♣##~.~.♣ ♣.~~.~.~~♣
♣♣♣~..~.~~.~#♣#~..####..~..~~§.
♣♣~~~~.~...##.[.###...~..§~.~
♣♣.~......~~..~~.....~~.....~~
♣♣.~...).)..~~....~~...~.~....~
♣...§~~...~.~~..~~.~.~~~...§..~
♣♣~.~~~...~..~..~.~........~...
♣...~..♣~...~...~.~~~.~.....~..


You could see a ghoul and a shambling mangrove.

Vanquished Creatures
  Rupert (Lair:5)
  3 nagarajas (Snake:4)
  2 azure jellies (IceCv)
  A ghoul (Swamp:4)
  2 quicksilver oozes (IceCv)
  An eleionoma (Swamp:4)
  A dire elephant (Lair:5)
  A minotaur (Gauntlet)
  5 bunyips
  The ghost of Oluanan the Fighter, a journeyman DsFi of Hepliaklqana (Lair:3)
  A fire dragon (Lair:5)
  4 salamander tyrants
  Fannar (D:10)
  6 shambling mangroves
  7 ghost crabs
  2 catoblepae (Lair:5)
  14 hydras
  3 alligators
  10 anacondas
  7 death yaks
  21 naga warriors
  10 naga sharpshooters
  4 shock serpents
  2 salamander mystics
  2 skysharks (Lair:5)
  6 spriggan druids
  4 swamp dragons
  7 mana vipers
  3 goliath frogs
  3 bog bodies
  2 flayed ghosts (Swamp:4)
  7 naga ritualists
  A phantasmal warrior (Swamp:4)
  3 spectral hydras (Swamp:4)
  A lindwurm (Lair:5)
  4 will-o-the-wisps
  Maurice (D:7)
  2 manticores (Lair:5)
  17 elephants
  A moth of wrath (Lair:3)
  13 salamanders
  22 black mambas
  11 guardian serpents
  6 apocalypse crabs
  3 ice statues (IceCv)
  24 naga magi
  Joseph (D:9)
  13 cane toads
  4 rime drakes (Lair:5)
  6 komodo dragons
  2 trolls
  3 hydra zombies (Swamp:4)
  2 polar bears
  21 hornets
  3 hydra skeletons (Swamp:4)
  6 tyrant leeches
  9 blink frogs
  2 dream sheep (Lair:5)
  14 slime creatures
  10 spriggans
  Sigmund (D:6)
  2 centaur simulacra (Gauntlet)
  31 yaks
  3 wyverns
  A basilisk (Lair:3)
  2 steam dragons
  50 nagas
  12 swamp worms
  10 water moccasins
  A great orb of eyes simulacrum (IceCv)
  4 hydra simulacra
  2 acid dragons
  11 swamp drakes
  15 orc warriors
  An ice beast (D:8)
  2 ogres
  A black bear (Lair:4)
  3 sky beasts
  9 centaurs (Bailey)
  5 wolves (Lair:5)
  A phantom (D:6)
  3 slime creature simulacra (IceCv)
  2 elf zombies (Ossuary)
  2 kobold brigands
  7 bullfrogs
  3 glowing shapeshifter simulacra (IceCv)
  2 scorpions
  15 killer bees
  An electric eel (D:10)
  5 howler monkeys
  4 hounds
  2 jellies
  2 centaur zombies (Ossuary)
  5 orc priests
  A sleepcap (D:6)
  A human zombie (Ossuary)
  Terence (D:2)
  11 iguanas
  6 orc wizards
  5 hell rats (Lair:5)
  6 shapeshifter simulacra (IceCv)
  6 hound zombies (Ossuary)
  2 mummies (Ossuary)
  A swamp drake zombie (Swamp:4)
  9 adders
  A swamp drake skeleton (Swamp:4)
  A shadow imp (D:7)
  A white imp (D:4)
  An adder zombie (Ossuary)
  A dart slug (D:3)
  4 ribbon worms
  46 orcs
  7 bats
  14 endoplasms
  3 giant cockroaches
  5 gnoll zombies (Ossuary)
  8 goblins
  7 hobgoblins
  A quokka (D:3)
  6 ball pythons
  4 frilled lizards
  8 jackal zombies (Ossuary)
  16 kobolds
  4 kobold zombies (Ossuary)
  7 orc zombies (Ossuary)
  4 rats (D:2)
767 creatures vanquished.

Vanquished Creatures (collateral kills)
  2 naga warriors (Snake:4)
  A shock serpent (Snake:4)
  A naga sharpshooter (Snake:4)
  A guardian serpent (Snake:4)
  5 nagas (Snake:4)
10 creatures vanquished.

Vanquished Creatures (others)
  A salamander tyrant (Snake:4)
  A naga warrior (Snake:4)
  A naga sharpshooter (Snake:4)
  A goliath frog (Swamp:1)
  A bloated husk (Swamp:1)
  A swamp drake (Swamp:1)
  2 ball lightnings (Snake:4)
  16 foxfires
24 creatures vanquished.

Grand Total: 801 creatures vanquished

Notes
Turn   | Place    | Note
-------+----------+-------------------------------------------
     0 | D:1      | jagoly the Gargoyle Monk began the quest for the Orb.
     0 | D:1      | Reached XP level 1. HP: 14/14 MP: 1/1
    81 | D:1      | Reached XP level 2. HP: 19/19 MP: 2/2
    91 | D:1      | Reached skill level 3 in Axes
   114 | D:2      | Found Nuvadda's Vocational Training.
   152 | D:2      | Identified the +2 pair of boots of Space {^Drain rPois
                  | Dex+3}
   168 | D:2      | Found Fecau's Jewellery Emporium.
   238 | D:2      | Noticed Terence
   251 | D:2      | Killed Terence
   252 | D:2      | Reached skill level 1 in Armour
   252 | D:2      | Reached XP level 3. HP: 24/24 MP: 3/3
   406 | D:2      | Reached XP level 4. HP: 26/29 MP: 4/4
   725 | D:3      | Found a basalt altar of Yredelemnul.
   890 | D:3      | Reached XP level 5. HP: 30/33 MP: 5/5
  1030 | D:4      | Reached skill level 4 in Axes
  1068 | D:5      | Entered Level 5 of the Dungeon
  1287 | D:4      | Reached XP level 6. HP: 23/39 MP: 6/6
  1936 | D:5      | Reached skill level 5 in Axes
  2111 | D:5      | Found a transporter.
  2133 | D:5      | Reached skill level 5 in Fighting
  2133 | D:5      | Reached XP level 7. HP: 39/44 MP: 7/7
  2136 | D:5      | Found a transporter.
  2136 | D:5      | Noticed collaery's ghost (amateur HuFi)
  2362 | D:5      | Reached skill level 6 in Axes
  2441 | D:6      | Noticed Sigmund
  2454 | D:6      | Killed Sigmund
  2455 | D:6      | Reached skill level 1 in Throwing
  2455 | D:6      | Reached XP level 8. HP: 26/51 MP: 8/8
  2697 | D:6      | Found a sand-covered staircase.
  2705 | Ossuary  | Entered an ossuary
  2907 | Ossuary  | Reached skill level 5 in Armour
  2938 | Ossuary  | Reached skill level 7 in Axes
  3160 | D:7      | Noticed a hornet
  3160 | D:7      | Found a staircase to the Ecumenical Temple.
  3163 | D:7      | Noticed Maurice
  3166 | D:7      | Killed a hornet
  3167 | D:7      | Reached XP level 9. HP: 56/56 MP: 9/9
  3190 | D:7      | Killed Maurice
  3215 | Temple   | Entered the Ecumenical Temple
  3238 | Temple   | Became a worshipper of Sif Muna the Loreminder
  3238 | Temple   | Reached * piety under Sif Muna
  3238 | Temple   | Reached ** piety under Sif Muna
  3343 | D:7      | Reached skill level 8 in Axes
  3450 | D:7      | Found a hide-covered altar of Uskayaw.
  3450 | D:7      | Found a hazy altar of Hepliaklqana.
  3450 | D:7      | Found an ornate altar of the Wu Jian Council.
  3450 | D:7      | Found an opulent altar of Gozag.
  3450 | D:7      | Found a bloodstained altar of Trog.
  3450 | D:7      | Found a blossoming altar of Fedhas.
  3827 | D:9      | Noticed a troll
  3850 | D:9      | Killed a troll
  3851 | D:9      | Reached skill level 9 in Axes
  3902 | D:9      | Found a flagged portal.
  3965 | D:10     | Entered Level 10 of the Dungeon
  3988 | D:9      | Identified the +5 ring mail of Qofaijyt {rF- rC+ Regen+
                  | rCorr}
  4045 | Bailey   | Entered a bailey
  4112 | Bailey   | Reached XP level 10. HP: 50/64 MP: 10/10
  4133 | Bailey   | Reached *** piety under Sif Muna
  4213 | Bailey   | Reached skill level 10 in Axes
  4395 | Bailey   | Found the +4 Cigotuvi's embrace {Corpsefed rMiasma ^Drain
                  | rN+}
  4502 | Bailey   | Reached skill level 11 in Axes
  4696 | Bailey   | Acquired the +9 broad axe of the Exiled Seers {flame,
                  | ^Fragile Will+ rCorr Dex+4}
  4701 | Bailey   | Acquired a manual of Shields
  4975 | D:10     | Noticed Fannar
  4983 | D:10     | Killed Fannar
  4984 | D:10     | Reached skill level 12 in Axes
  5152 | D:10     | Reached XP level 11. HP: 67/68 MP: 11/11
  5187 | D:10     | Reached **** piety under Sif Muna
  5345 | D:10     | Found a staircase to the Orcish Mines.
  5652 | D:11     | Noticed a two-headed ogre
  5686 | D:9      | Noticed Joseph
  5691 | D:9      | Killed Joseph
  6088 | D:8      | Found a staircase to the Lair.
  6281 | D:9      | Found a shimmering altar of Xom.
  6396 | Lair:1   | Entered Level 1 of the Lair of Beasts
  6559 | Lair:2   | Found a frozen archway.
  6560 | Lair:2   | Noticed a six-headed hydra
  6565 | Lair:2   | Killed a two-headed hydra
  6566 | Lair:2   | Reached skill level 13 in Axes
  6583 | IceCv    | Entered an ice cave
  6595 | IceCv    | Reached ***** piety under Sif Muna
  6706 | IceCv    | Noticed a quicksilver ooze
  6712 | IceCv    | Killed a quicksilver ooze
  6713 | IceCv    | Reached skill level 5 in Dodging
  6713 | IceCv    | Reached XP level 12. HP: 66/77 MP: 0/12
  6756 | IceCv    | Noticed a quicksilver ooze
  6762 | IceCv    | Killed a quicksilver ooze
  6768 | IceCv    | Reached skill level 10 in Fighting
  6921 | IceCv    | Found a viscous altar of Jiyva.
  6921 | IceCv    | Noticed an azure jelly
  6933 | IceCv    | Killed an azure jelly
  6934 | IceCv    | Reached skill level 14 in Axes
  6936 | IceCv    | Noticed an azure jelly
  6947 | IceCv    | HP: 3/77 [azure jelly (4)]
  6956 | IceCv    | Killed an azure jelly
  6976 | IceCv    | Got the ring of Temptation {Ice Int+2}
  7164 | Lair:3   | Found a staircase to the Snake Pit.
  7185 | Lair:3   | Reached skill level 15 in Axes
  7241 | Lair:4   | Received a gift from Sif Muna
  7242 | Lair:4   | Got Sif Muna's Grimoire of Frost {god gift}
  7263 | Lair:4   | Reached XP level 13. HP: 75/82 MP: 13/13
  7274 | Lair:5   | Entered Level 5 of the Lair of Beasts
  7314 | Lair:4   | Reached skill level 16 in Axes
  7507 | Lair:4   | Found a gate leading to a gauntlet.
  7523 | Gauntlet | Entered a Gauntlet
  7523 | Gauntlet | Found a transporter.
  7532 | Gauntlet | Found a transporter.
  7534 | Gauntlet | Found a transporter.
  7534 | Gauntlet | Found a transporter.
  7537 | Gauntlet | Found a transporter.
  7539 | Gauntlet | Noticed a reaper
  7540 | Gauntlet | Found a transporter.
  7549 | Gauntlet | Found a transporter.
  7555 | Gauntlet | Found a transporter.
  7570 | Gauntlet | Noticed a green death
  7606 | Gauntlet | Identified the ring of Qazyshet {*Slow rPois rC+++ rCorr
                  | Str+6 SInv}
  7629 | Gauntlet | Noticed a blizzard demon
  7644 | Gauntlet | Noticed a minotaur
  7653 | Gauntlet | Killed a minotaur
  7688 | Lair:4   | Found a staircase to the Slime Pits.
  7688 | Lair:4   | Found a viscous altar of Jiyva.
  7779 | Lair:5   | Reached skill level 17 in Axes
  7875 | Lair:5   | Noticed a fire dragon
  8119 | Lair:5   | Noticed Rupert
  8191 | Lair:5   | Reached skill level 18 in Axes
  8200 | Lair:5   | Killed Rupert
  8201 | Lair:5   | Reached skill level 1 in Stealth
  8201 | Lair:5   | Gained mutation: Your large and strong wings let you fly.
                  | [Gargoyle growth]
  8201 | Lair:5   | Reached XP level 14. HP: 20/88 MP: 14/14
  8547 | Lair:5   | Received a gift from Sif Muna
  8550 | Lair:5   | Noticed a dire elephant
  8608 | Lair:5   | Killed a dire elephant
  8648 | Lair:5   | Got Sif Muna's Quarto of Striking {god gift}
  8764 | Lair:5   | Got an earthy gem with 2089 turns to spare
  8875 | Lair:3   | Found a transporter.
  8876 | Lair:3   | Found a bloodstained altar of Trog.
  8877 | Lair:3   | Noticed Oluanan's ghost (journeyman DsFi)
  8890 | Lair:3   | Found a transporter.
  9109 | Snake:1  | Entered Level 1 of the Snake Pit
  9178 | Snake:1  | Reached skill level 1 in Evocations
  9272 | Snake:1  | Reached skill level 10 in Armour
  9465 | Snake:1  | Reached skill level 1 in Invocations
  9525 | Snake:1  | Reached XP level 15. HP: 45/96 MP: 16/16
  9722 | Snake:1  | Reached skill level 5 in Invocations
  9902 | Snake:2  | Found Boit's Weapon Boutique.
  9974 | Snake:2  | Reached skill level 1 in Shields
 10010 | Snake:2  | Reached ****** piety under Sif Muna
 10036 | Snake:2  | Reached skill level 5 in Shields
 10183 | Snake:3  | Received a gift from Sif Muna
 10455 | Snake:3  | Reached skill level 10 in Shields
 10525 | Snake:3  | Reached skill level 10 in Invocations
 10537 | Snake:3  | Found Menuon's Jewellery Shoppe.
 10570 | Snake:3  | Reached XP level 16. HP: 68/101 MP: 23/23
 10624 | Snake:4  | Entered Level 4 of the Snake Pit
 10668 | Snake:4  | Noticed a nagaraja
 10684 | Snake:4  | Killed a nagaraja
 10727 | Snake:4  | Noticed a nagaraja
 10759 | Snake:4  | Received a gift from Sif Muna
 10760 | Snake:4  | Got Sif Muna's Treatise on the Productive Sphinx {god gift}
 10820 | Snake:4  | Noticed a nagaraja
 10856 | Snake:4  | Killed a nagaraja
 11074 | Snake:4  | Noticed a nagaraja
 11089 | Snake:4  | Killed a nagaraja
 11103 | Snake:4  | Got a jade gem with 488 turns to spare
 11105 | Snake:4  | Got a serpentine rune of Zot
 11545 | Lair:3   | Killed Oluanan's ghost
 11752 | Lair:2   | Received a gift from Sif Muna
 11753 | Lair:2   | Got Sif Muna's Secrets of the Map and Venin {god gift}
 11757 | Lair:2   | Learned a level 2 spell: Blink
 11895 | Lair:2   | Found a staircase to the Swamp.
 11924 | Swamp:1  | Entered Level 1 of the Swamp
 11932 | Swamp:1  | Reached skill level 1 in Alchemy
 11967 | Swamp:1  | Found a runed translucent door.
 11999 | Swamp:1  | Reached XP level 17. HP: 100/110 MP: 26/26
 12382 | Swamp:2  | HP: 2/111 [constriction (12)]
 12397 | Swamp:2  | Reached skill level 5 in Alchemy
 12412 | Swamp:1  | Learned a level 1 spell: Foxfire
 12492 | Swamp:3  | Reached skill level 1 in Conjurations
 12492 | Swamp:3  | Reached skill level 1 in Fire Magic
 12527 | Swamp:4  | Entered Level 4 of the Swamp
 12904 | Swamp:4  | Received a gift from Sif Muna
 12909 | Swamp:4  | Got Afaaka's Almanac of Vapourous Conjuring {god gift}
 13059 | Swamp:4  | Reached skill level 1 in Translocations
 13088 | Swamp:4  | Found a basalt altar of Yredelemnul.
 13118 | Swamp:4  | Found a blossoming altar of Fedhas.
 13141 | Swamp:4  | Slain by a ghoul

Illustrated notes

Levels and vault maps discovered:
D:1:      wander_arrival_estate, layout_rooms
D:2:      layout_basic, serial_shops, nicolae_shop_gaudy_bauble,
          nicolae_concentric_dashed_squares_mild, minmay_misc_feat_pillars,
          nicolae_shop_vocational, uniq_terence
D:3:      layout_rooms, mainiacjoe_overflow_six_doors_small,
          chequers_hall_statues_corner_a, kennysheep_generic_room_7
D:4:      layout_basic
D:5:      layout_basic, gammafunk_ghost_hive, serial_shops,
          nicolae_shop_overgrown_old_shop
D:6:      layout_loops_ring, nicolae_ossuary_entry_plus, uniq_sigmund
D:7:      cheibrodos_fertilizer, layout_cave_pools,
          minmay_temple_entry_drinking_statues, uniq_maurice
D:8:      layout_basic, nicolae_overflow_hallway_of_the_gods,
          nicolae_barding_shop
D:9:      layout_irregular_city, mainiacjoe_overflow_alcove_4, enter_bailey_8,
          nicolae_zig_zag_zippers, uniq_joseph
D:10:     layout_gridville, erik_orc_2, uniq_fannar
D:11:     layout_basic, nicolae_trove_entry_path_of_doom
Temple:   bh_familiar_temple
Lair:1:   layout_chaotic_city, nicolae_lair_run_with_the_wolves
Lair:2:   layout_roguey, minmay_swamp_entry_reptiles,
          portal_ice_cave_entry_pillars_1, serial_rivers,
          chequers_serial_rivers_large_a, chequers_serial_rivers_room_a,
          chequers_serial_rivers_micro_b, chequers_serial_rivers_small_a
Lair:3:   layout_misc_corridors, dummy_snake_entry,
          gammafunk_ghost_wrathful_warriors
Lair:4:   layout_misc_corridors, slime_entry_1, gauntlet_entry_generic
Lair:5:   hangedman_lair_in_review, layout_small_grid, guppyfry_lair_end_dragon,
          nicolae_lair_time_for_slime, grunt_megastairs_5, lemuel_fruit_tree,
          uniq_rupert
Swamp:1:  gammafunk_mikee_crab_dinner, layout_basic_swamp,
          nicolae_swamp_tree_designs, swamp_pool_3,
          nicolae_swamp_nymph_family_reunion
Swamp:2:  layout_basic_swamp, nicolae_swamp_reclaimed_castle
Swamp:3:  layout_falls_marsh, hangedman_swamp_ruin_hall
Swamp:4:  byrel_swamp_growth_death_and_undeath, layout_basic_swamp,
          swamp_pool_5, infiniplex_staircase_pool
Snake:1:  layout_misc_corridors, serial_bayou_shore_b, grunt_megastairs_2
Snake:2:  layout_honeycomb, serial_shops, shop, guppyfry_library_mini
Snake:3:  layout_grid_maze, serial_shops, shop
Snake:4:  snake_pit, layout_layer_cave, nicolae_fountain_basement

Skill      XL: |  1  2  3  4  5  6  7  8  9 10 11 12 13 14 15 16 17 |
---------------+----------------------------------------------------+-----
Axes           | 3 4 5 6 7 9 12 13 15 18 | 18.0
Armour         | 1 2 3 4 5 6 8 10 12 | 12.0
Fighting       | 4 5 6 8 9 10 12 13 14 | 14.0
Dodging        | 3 5 6 8 |  8.0
Throwing       | 1 2 |  2.0
Stealth        | 1 4 |  4.0
Evocations     | 2 |  2.0
Invocations    | 2 10 12 | 12.0
Shields        | 10 12 | 12.0
Alchemy        | 1 8 |  8.5
Conjurations   | 3 |  3.4
Fire Magic     | 2 |  2.0
Translocations | 2 |  2.4

Action                     |  1- 3 |  4- 6 |  7- 9 | 10-12 | 13-15 | 16-18 || total
---------------------------+-------+-------+-------+-------+-------+-------++-------
  Melee: Hand axe          |    65 |   236 |   509 |   144 |       |       ||   954
         Trident           |       |       |    37 |    59 |       |       ||    96
         Broad axe         |       |       |       |   332 |   804 |   753 ||  1889
  Throw: Dart              |     1 |       |    17 |    15 |    15 |     4 ||    52
         Boomerang         |       |     3 |       |    22 |   114 |    39 ||   178
         Stone             |       |     1 |     7 |     5 |       |       ||    13
         Javelin           |       |       |       |    19 |    44 |     9 ||    72
   Cast: Freezing Cloud    |       |       |       |       |       |     1 ||     1
         Conjure Ball Ligh |       |       |       |       |       |     1 ||     1
         Blink             |       |       |       |       |       |     2 ||     2
         Irradiate         |       |       |       |       |       |     2 ||     2
         Starburst         |       |       |       |       |       |     1 ||     1
 Invoke: Divine Exegesis   |       |       |       |       |       |     7 ||     7
  Evoke: Wand              |       |     1 |    13 |    13 |    16 |    14 ||    57
         Tin of tremorston |       |       |       |       |     1 |     4 ||     5
         Lightning rod     |       |       |       |       |       |     8 ||     8
    Use: Scroll            |       |       |     1 |    10 |    10 |    10 ||    31
         Potion            |       |       |       |     6 |     6 |     5 ||    17
   Stab: Sleeping          |       |     1 |       |       |     2 |     4 ||     7
         Invisible         |       |       |     1 |     1 |     5 |     1 ||     8
         Petrified         |       |       |       |       |     4 |       ||     4
         Distracted        |       |       |       |       |       |     2 ||     2
         Confused          |       |       |       |       |       |     2 ||     2
 Armour: Robe              |    36 |   117 |       |       |       |       ||   153
         Scale mail        |       |    26 |   274 |       |       |       ||   300
         Ring mail         |       |       |    28 |   150 |       |       ||   178
         Chain mail        |       |       |    16 |       |       |       ||    16
         Leather armour    |       |       |       |   167 |   470 |   550 ||  1187
  Dodge: Dodged            |    47 |   178 |   477 |   557 |   679 |   505 ||  2443
  Block: Kite shield       |       |       |       |       |   165 |   526 ||   691
